 Dungeon Crawl Stone Soup version 0.28.0-53-g5a82cb258f (webtiles) character file.

Game seed: 3376579021808092910

6318 Zeld the Destroyer (level 10, -6/69 HPs)
             Began as a Green Draconian Conjurer on June 19, 2022.
             Was an Initiate of Gozag.
             Mangled by an eight-headed hydra (9 damage)
             ... on level 11 of the Dungeon.
             The game lasted 00:14:43 (15287 turns).

Zeld the Destroyer (Green Draconian Conjurer)      Turns: 15287, Time: 00:14:43

Health: -6/69      AC: 11    Str: 11    XL:     10   Next: 64%
Magic:  4/23       EV: 13    Int: 28    God:    Gozag
Gold:   589        SH:  0    Dex: 13    Spells: 17/28 levels left

rFire   . . .      SeeInvis .   q - +9 falchion "Jiysus" {holy, Str+2 Dex+4}
rCold   . . .      Faith    .   (no shield)
rNeg    . . .      Spirit   .   (armour unavailable)
rPois   +          Reflect  .   (helmet restricted)
rElec   .          Harm     .   j - +2 cloak of Makhleb's Hope {Int+4}
rCorr   .          Rampage  .   y - +0 pair of gloves
Will    .....                   (no boots)
Stlth   ++........              (no amulet)
HPRegen 0.21/turn               s - ring of wizardry
MPRegen 0.18/turn               (no ring)

@: gold aura, slowed, very slow
A: breathe noxious fumes, AC +7, unfitting armour, poison resistance,
cold-blooded
a: Breathe Noxious Fumes, Renounce Religion, Potion Petition, Call Merchant,
Bribe Branch


You were on level 11 of the Dungeon.
You worshipped Gozag.
Gozag was pleased with you.
You visited 2 branches of the dungeon, and saw 12 of its levels.
You also visited: Sewer.

You collected 1513 gold pieces.
You spent 154 gold pieces at shops.
You paid 770 gold pieces to Gozag.

Inventory:

Hand Weapons
 q - the +9 falchion "Jiysus" (weapon) {holy, Str+2 Dex+4}
   (You found it on level 9 of the Dungeon)

   It has been blessed by the Shining One to cause great damage to the undead
   and demons.
   Str:       It affects your strength (+2).
   Dex:       It affects your dexterity (+4).
Missiles
 b - 176 bolts
 p - 8 poisoned darts
Armour
 j - the +2 cloak of Makhleb's Hope (worn) {Int+4}
   (You found it on level 3 of the Dungeon)

   Int:       It affects your intelligence (+4).
 y - a +0 pair of gloves (worn)
Jewellery
 c - a ring of fire
 s - a ring of wizardry (left hand)
Wands
 d - a wand of paralysis (6)
 l - a wand of iceblast (25)
 r - a wand of polymorph (10)
Scrolls
 a - 2 scrolls of enchant armour
 f - 7 scrolls of teleportation
 i - 2 scrolls of fear
 o - 4 scrolls of enchant weapon
 v - a scroll of magic mapping
 x - a scroll of holy word
 A - a scroll of brand weapon
 C - a scroll of amnesia {unknown}
Potions
 g - 2 potions of heal wounds {unknown}
 h - a potion of brilliance {unknown}
 k - 3 potions of degeneration {unknown}
 m - 6 potions of flight
 n - a potion of attraction {unknown}
 t - 4 potions of haste
 u - a potion of might {unknown}
 B - a potion of curing
 D - a potion of magic {unknown}


   Skills:
 + Level 2.8 Throwing
 - Level 4.0 Dodging
 - Level 1.7 Stealth
 * Level 9.8 Spellcasting
 * Level 11.3 Conjurations
 - Level 2.0 Hexes
 - Level 2.0 Translocations
 + Level 1.5 Fire Magic


You had 17 spell levels left.
You knew the following spells:

 Your Spells              Type           Power      Damage    Failure   Level
a - Magic Dart            Conj           100%       1d8       1%          1
b - Searing Ray           Conj           100%       2d8       1%          2
c - Fulminant Prism       Conj/Hex       25%        3d14      1%          4
d - Iskenderun's Mystic   Conj/Tloc      50%        2d11      1%          4

Your spell library contained the following spells:

 Spells                   Type           Power      Damage    Failure   Level
 Conjure Flame            Conj/Fire      50%        6-21      1%          3
 Dazzling Flash           Conj/Hex       100%       N/A       1%          3
 Stone Arrow              Conj/Erth      90%        3d12      1%          3
 Sticky Flame             Conj/Fire      50%        2d7       1%          4
 Corpse Rot               Necr/Air       26%        N/A       2%          2
 Poisonous Vapours        Pois/Air       26%        N/A       2%          2
 Summon Guardian Golem    Hex/Summ       19%        N/A       3%          3
 Ignite Poison            Fire/Tmut/Pois 16%        N/A       4%          3
 Orb of Destruction       Conj           33%        9d10      13%         7
 Spellforged Servitor     Conj/Summ      22%        N/A       77%         7
 Lehudib's Crystal Spear  Conj/Erth      22%        10d6      100%        8
 Animate Armour           Summ/Erth      Unusable   N/A       N/A         4

Dungeon Overview and Level Annotations

Branches:
Dungeon (11/15)            Temple (1/1) D:4           Sewer (visited)
   Lair: D:8-11         Orc: D:9-12

Altars:
Ashenzari
Cheibriados
Dithmenos
Elyvilon
Fedhas
Gozag
Hepliaklqana
Kikubaaqudgha
Makhleb
Nemelex Xobeh
Okawaru
Qazlal
Ru
Sif Muna
Trog
Uskayaw
Vehumet
Wu Jian
Xom
Yredelemnul
Zin
The Shining One

Shops:
D:4 *(!(   D:8 :

Annotations:
D:4 3 runed translucent doors, Fangowolf's ghost, amateur GrGl; MiltankisOP's ghost, amateur HOFi; Rsteiner's ghost, novice DsGl


Innate Abilities, Weirdness & Mutations

You can breathe blasts of noxious fumes.
Your lurid green scales are hard. (AC +7)
You cannot fit into any form of body armour.
Your system is resistant to poisons. (rPois)
You are cold-blooded and may be slowed by cold attacks.


Message History

You erupt in a blast of force!
The mystic blast hits the wraith!
You destroy the wraith!
The mystic blast hits Josephine!
Josephine is almost dead.
Josephine is knocked back by the mystic blast.
Josephine collides with the eight-headed hydra!
The eight-headed hydra is moderately wounded.
Josephine is almost dead.
Unknown command.
Casting: Iskenderun's Mystic Blast (dangerous; 1% risk of failure)
Confirm with . or Enter, or press ? or * to list all spells.
You erupt in a blast of force!
The mystic blast hits Josephine.
Josephine is almost dead.
Josephine is knocked back by the mystic blast.
Josephine collides with the eight-headed hydra!
The eight-headed hydra is moderately wounded.
Josephine is almost dead.
Josephine casts a spell at you.
The ghostly flame explodes!
The ghostly fireball engulfs you!
You feel drained.
* * * LOW HITPOINT WARNING * * *
Unknown command.
Casting: Iskenderun's Mystic Blast (dangerous; 1% risk of failure)
Confirm with . or Enter, or press ? or * to list all spells.
You erupt in a blast of force!
The mystic blast hits Josephine!
You kill Josephine!
Your life force feels restored.
Your Fire Magic skill increases to level 1!
Unknown command.
The wraith is distracted by your dazzling golden aura.
The eight-headed hydra bites you.
* * * LOW HITPOINT WARNING * * *
The eight-headed hydra closely misses you.
The eight-headed hydra bites you!
* * * LOW HITPOINT WARNING * * *
The eight-headed hydra bites you.
* * * LOW HITPOINT WARNING * * *
The eight-headed hydra barely misses you.
The eight-headed hydra bites you!
You die...
Your body crumbles into a pile of gold.

..##..# ..# #####.## . .
#.. #^.# ... .. .#
##.###.###.# #W#
#..##.##..# ..#
##.#####.# .@# #..###..#
W.# ##.###..# ..#
#..#.@D###..##.##
########..#.#.W.W......#
............#####..##.##
############# .....
#.#### .# $. ##


You could see an eight-headed hydra and 2 wraiths.

Vanquished Creatures
  Josephine (D:11)
  A two-headed ogre (D:10)
  3 centaur zombies
  Prince Ribbit (D:8)
  A shadow (D:8)
  A wyvern (D:7)
  2 wraiths (D:11)
  2 steam dragons
  Eustachio (D:6)
  Edmund (D:6)
  3 water moccasins
  A hornet zombie (D:6)
  2 ice beasts (D:6)
  2 black bears
  An orc warrior (D:9)
  2 phantoms
  A centaur (D:10)
  A kobold brigand (D:6)
  3 bullfrogs
  2 gnoll sergeants
  A wyvern zombie (D:6)
  A scorpion (D:5)
  2 water moccasin skeletons
  A wyvern skeleton (D:5)
  3 killer bees (D:9)
  3 wights (D:9)
  2 howler monkeys
  A hound (D:6)
  A jelly (D:8)
  7 orc priests
  Ijyb (D:5)
  A merfolk siren (Sewer)
  An iguana (D:5)
  10 orc wizards
  A merfolk avatar (Sewer)
  A hound skeleton (D:4)
  3 howler monkey zombies
  9 gnolls
  9 adders
  A howler monkey skeleton (D:7)
  2 river rats
  5 white imps
  An ufetubus (D:7)
  2 worms
  5 dart slugs
  34 orcs
  9 ball pythons
  5 endoplasms
  6 giant cockroaches
  4 goblins
  A hobgoblin (D:4)
  4 jackals (D:4)
  2 quokkas (Sewer)
  3 bats
  7 frilled lizards
  10 kobolds
  30 rats
221 creatures vanquished.

Vanquished Creatures (others)
  An orc priest (D:8)
  An orc (D:8)
  4 fulminant prisms
  19 plants
  4 withered plants (D:4)
29 creatures vanquished.

Grand Total: 250 creatures vanquished

Notes
Turn   | Place    | Note
-------+----------+-------------------------------------------
     0 | D:1      | Zeld the Draconian Conjurer began the quest for the Orb.
     0 | D:1      | Reached XP level 1. HP: 14/14 MP: 3/3
     6 | D:1      | Noticed a polar bear
     6 | D:1      | Noticed a swamp worm
     6 | D:1      | Noticed a scorpion
     7 | D:1      | Noticed an anaconda
     7 | D:1      | Noticed a snapping turtle
   147 | D:1      | Reached XP level 2. HP: 20/20 MP: 0/5
   150 | D:1      | Learned a level 2 spell: Searing Ray
   411 | D:1      | Found a faded altar of an unknown god.
  1265 | D:2      | Reached XP level 3. HP: 22/26 MP: 1/6
  2181 | D:2      | Reached XP level 4. HP: 19/33 MP: 3/8
  2722 | D:3      | Reached skill level 5 in Conjurations
  2867 | D:3      | Identified the +2 cloak of Makhleb's Hope {Int+4}
  3159 | D:3      | Noticed a black bear
  3165 | D:3      | Killed a black bear
  3166 | D:3      | Reached XP level 5. HP: 38/38 MP: 4/10
  3307 | D:3      | Found a bloodstained altar of Trog.
  3458 | D:3      | Found a glowing golden altar of the Shining One.
  3467 | D:3      | Found a sacrificial altar of Ru.
  3467 | D:3      | Found a basalt altar of Yredelemnul.
  3469 | D:3      | Found a snail-covered altar of Cheibriados.
  3469 | D:3      | Found a blossoming altar of Fedhas.
  3470 | D:3      | Found a white marble altar of Elyvilon.
  3694 | D:4      | Found a glowing drain.
  3751 | D:4      | Reached XP level 6. HP: 42/45 MP: 8/12
  3764 | Sewer    | Entered a sewer
  3770 | Sewer    | Learned a level 4 spell: Fulminant Prism
  3775 | Sewer    | Learned a level 4 spell: Iskenderun's Mystic Blast
  5200 | D:4      | Found a staircase to the Ecumenical Temple.
  5344 | D:4      | Found Boda's Distillery.
  5436 | Temple   | Entered the Ecumenical Temple
  5644 | Temple   | Became a worshipper of Gozag Ym Sagoz the Greedy
  5779 | D:4      | Found a runed translucent gate.
  5779 | D:4      | Found a runed translucent gate.
  5780 | D:4      | Found a runed translucent gate.
  5781 | D:4      | Noticed MiltankisOP's ghost (amateur HOFi)
  5781 | D:4      | Noticed Rsteiner's ghost (novice DsGl)
  5781 | D:4      | Noticed Fangowolf's ghost (amateur GrGl)
  5915 | D:4      | Found Rodimew's General Store.
  5915 | D:4      | Found Kiplilo's Antique Weapon Emporium.
  5916 | D:4      | Found Idommuuw's Antique Weapon Boutique.
  5931 | D:4      | Bought an ichor-stained dagger for 154 gold pieces
  5931 | D:4      | Identified the +3 dagger "Vuewapt" {vorpal, rF+} (You
                  | bought it in a shop on level 4 of the Dungeon)
  6107 | D:5      | Entered Level 5 of the Dungeon
  6153 | D:5      | Noticed Ijyb
  6156 | D:5      | Paralysed by Ijyb for 4 turns
  6180 | D:5      | Paralysed by Ijyb for 3 turns
  6323 | D:5      | Killed Ijyb
  6429 | D:5      | Reached skill level 1 in Hexes
  6429 | D:5      | Reached skill level 1 in Translocations
  6544 | D:5      | Reached skill level 6 in Conjurations
  6544 | D:5      | Your scales start taking on a lurid green colour.
  6544 | D:5      | Reached XP level 7. HP: 40/50 MP: 8/13
  6544 | D:5      | Gained mutation: Your system is resistant to poisons.
                  | (rPois) [Green Draconian growth]
  7116 | D:5      | Reached skill level 5 in Spellcasting
  7639 | D:6      | Noticed Eustachio
  7787 | D:6      | Killed Eustachio
  7788 | D:6      | Reached XP level 8. HP: 42/57 MP: 9/16
  7925 | D:6      | Reached skill level 7 in Conjurations
  8249 | D:6      | Noticed Edmund
  8271 | D:6      | Killed Edmund
  8272 | D:6      | Reached skill level 8 in Conjurations
  8970 | D:6      | Reached XP level 9. HP: 62/62 MP: 11/19
  9892 | D:7      | Reached skill level 9 in Conjurations
 11516 | D:8      | Found an ancient bone altar of Kikubaaqudgha.
 11518 | D:8      | Noticed Prince Ribbit
 11546 | D:8      | Killed Prince Ribbit
 12543 | D:8      | Reached skill level 10 in Conjurations
 12674 | D:8      | Noticed a seven-headed hydra
 13714 | D:9      | Identified the +4 rapier of the Lair of Beasts {vamp, rF+
                  | MP-9 Str+3}
 13854 | D:9      | Reached XP level 10. HP: 69/69 MP: 13/22
 13868 | D:9      | Reached skill level 1 in Throwing
 14059 | D:9      | Identified the +9 falchion "Jiysus" {holy, Str+2 Dex+4}
 14458 | D:10     | Entered Level 10 of the Dungeon
 14486 | D:10     | Noticed a two-headed ogre
 14495 | D:10     | Killed a two-headed ogre
 14530 | D:10     | Reached skill level 11 in Conjurations
 14709 | D:10     | Found a shimmering altar of Xom.
 15219 | D:11     | Noticed Josephine
 15279 | D:11     | Noticed an eight-headed hydra
 15285 | D:11     | Killed Josephine
 15286 | D:11     | Reached skill level 1 in Fire Magic
 15287 | D:11     | HP: 3/69 [eight-headed hydra (2)]
 15287 | D:11     | Mangled by an eight-headed hydra

Illustrated notes

Levels and vault maps discovered:
D:1:      onia_arrival_zoo_common, layout_basic,
          dreamdust_ecumenical_altar_grove, st_stairs_8
D:2:      layout_loops_corners, minmay_between
D:3:      layout_basic, bloody_trog, minitemple, st_stairs_7,
          serial_bayou_lagoon_b
D:4:      layout_loops_ring, minmay_temple_entry_poolview,
          gammafunk_ghost_cemetery, portal_sewer_entry_c,
          nicolae_wooded_promenade
D:5:      layout_basic, uniq_ijyb
D:6:      layout_cave_pods, lexackson_kobold_supper, uniq_eustachio, uniq_edmund
D:7:      layout_basic, roderic_lattice_a, minivault_1
D:8:      layout_basic, nicolae_kikubaaqudgha_miasma_corner, uniq_prince_ribbit1
D:9:      layout_gridville
D:10:     layout_loops_ring, mainiacjoe_overflow_alcove_2
D:11:     minmay_the_grid_triangle_9x9_recursive_3
          [minmay_the_grid_triangle_9x9_warning,
          minmay_the_grid_triangle_9x9_minimal,
          minmay_the_grid_triangle_9x9_corrupted_corridor,
          minmay_the_grid_triangle_9x9_prize_schism,
          minmay_the_grid_triangle_9x9_zippers_vertical,
          minmay_the_grid_triangle_9x9_impossible_snake,
          minmay_the_grid_triangle_9x9_alien,
          minmay_the_grid_triangle_9x9_flanged_cone,
          minmay_the_grid_triangle_9x9_zippers_horizontal], layout_loops_ring,
          minmay_lair_entry_lava, david_orc_5, uniq_maurice, uniq_josephine
Temple:   nicolae_temple_figure_eight

Skill      XL: |  1  2  3  4  5  6  7  8  9 10 |
---------------+-------------------------------+-----
Dodging        | 2 3 4 |  4.0
Spellcasting   | 3 4 5 7 8 9 |  9.8
Conjurations   | 5 6 8 10 11 | 11.3
Hexes          | 1 2 |  2.0
Translocations | 1 2 |  2.0
Throwing       | 2 |  2.8
Fire Magic     | 1 |  1.5
Stealth        | |  1.7

Action                   |  1- 3 |  4- 6 |  7- 9 | 10-12 || total
-------------------------+-------+-------+-------+-------++-------
Melee: Unarmed           |    15 |       |       |       ||    15
       Tailslap          |     6 |       |    38 |     7 ||    51
       Punch             |     1 |       |     6 |       ||     7
       Short sword       |    27 |    20 |       |       ||    47
       Dagger            |       |       |   297 |     5 ||   302
       Falchion          |       |       |       |    48 ||    48
 Cast: Magic Dart        |    38 |   124 |    20 |       ||   182
       Searing Ray       |     1 |     9 |    36 |     3 ||    49
       Iskenderun's Myst |       |       |    32 |    10 ||    42
       Fulminant Prism   |       |       |     2 |     2 ||     4
Invok: Call Merchant     |       |       |     1 |       ||     1
 Abil: Breathe Noxious F |       |       |     3 |     1 ||     4
Evoke: Wand              |       |       |     1 |       ||     1
  Use: Potion            |     2 |       |     2 |       ||     4
       Scroll            |       |       |     8 |     2 ||    10
 Stab: Sleeping          |     1 |     1 |     1 |     1 ||     4
       Distracted        |       |       |     1 |       ||     1
Armor: Skin              |    19 |    28 |   175 |    38 ||   260
Dodge: Dodged            |    41 |    32 |   252 |    45 ||   370
